PL
RICHARDSON CITY THUNDERCATS @ BOSTON PATRIOTS
09/23/2021
 
TOP OF THE 1ST
Richardson City Thundercats batting - Pitching for Boston Patriots : RHP Sozen Raikatuji
Pitching: RHP Sozen Raikatuji
Batting: RHB Joey Jones 0-0: Ball
1-0: Ball
2-0: Called Strike
2-1: DOUBLE (Line Drive, 78D)
Batting: SHB Leonard O'Connor 0-0: Ball
1-0: Called Strike
1-1: Foul Ball, location: 2F
1-2: Strikes out swinging
Batting: RHB Juan Cabrera 0-0: Ball
1-0: Called Strike
1-1: Ball
2-1: Fly out, F9 (Popup, 4MD)
Batting: LHB Terrence Eler 0-0: Called Strike
0-1: Ball
1-1: Ball
2-1: Called Strike
2-2: TRIPLE (Line Drive, 89D)
Joey Jones scores
Batting: RHB Iván Pérez 0-0: Ball
1-0: Foul Ball, location: 2F
1-1: Foul Ball, location: 2F
1-2: Strikes out swinging
Top of the 1st over - 1 run(s), 2 hit(s), 0 error(s), 1 left on base; Richardson City 1 - Boston 0
BOTTOM OF THE 1ST
Boston Patriots batting - Pitching for Richardson City Thundercats : RHP Ryan Davis
Pitching: RHP Ryan Davis
Batting: RHB Tommy Jones 0-0: Ball
1-0: Bunt for hit - play at first, batter safe!
Batting: RHB Karl Schultz 0-0: Ball
1-0: Called Strike
1-1: Grounds into double play, 5-4-3 (Groundball, 5)
Batting: LHB Bill Chambers 0-0: Ball
1-0: Ball
2-0: Called Strike
2-1: Fly out, F6 (Popup, 56)
Bottom of the 1st over - 0 run(s), 1 hit(s), 0 error(s), 0 left on base; Richardson City 1 - Boston 0
TOP OF THE 2ND
Richardson City Thundercats batting - Pitching for Boston Patriots : RHP Sozen Raikatuji
Batting: RHB Nate Cates 0-0: Ball
1-0: Called Strike
1-1: Ball
2-1: SINGLE (Line Drive, 5L)
Batting: RHB Steve Dunn 0-0: Fly out, F7 (Flyball, 7LM)
Batting: RHB Yong-oon Yi 0-0: Called Strike
0-1: Foul Ball, location: 2F
0-2: Foul Ball, location: 2F
0-2: Grounds into double play, 6-4-3 (Groundball, 6)
Top of the 2nd over - 0 run(s), 1 hit(s), 0 error(s), 0 left on base; Richardson City 1 - Boston 0
BOTTOM OF THE 2ND
Boston Patriots batting - Pitching for Richardson City Thundercats : RHP Ryan Davis
Batting: RHB Wilfred McLaughlin 0-0: Ground out 5-3 (Groundball, 56S)
Batting: LHB Chad Armstrong 0-0: Ball
1-0: Ball
2-0: Swinging Strike
2-1: Ball
3-1: Foul Ball, location: 2F
3-2: Foul Ball, location: 2F
3-2: Base on Balls
Batting: RHB Abílio Conceio 0-0: Called Strike
0-1: Called Strike
0-2: Strikes out swinging
Batting: RHB Enrique Pérez 0-0: Foul Ball, location: 2F
0-1: Ball
1-1: Ball
2-1: Ball
3-1: Foul Ball, location: 2F
3-2: Reached on error, E5 (Groundball, 5S)
Chad Armstrong to third
Batting: RHB Bob Heller 0-0: Ground out 5-3 (Groundball, 56)
Bottom of the 2nd over - 0 run(s), 0 hit(s), 1 error(s), 2 left on base; Richardson City 1 - Boston 0
TOP OF THE 3RD
Richardson City Thundercats batting - Pitching for Boston Patriots : RHP Sozen Raikatuji
Batting: SHB Eugene Parrish 0-0: Called Strike
0-1: Fly out, F7 (Flyball, 7S)
Batting: RHB Joey Jones 0-0: Ball
1-0: SINGLE (Line Drive, 4MD)
Batting: SHB Leonard O'Connor 0-0: Swinging Strike
0-1: Foul Ball, location: 2F
0-2: Grounds into double play, 2-6-3 (Groundball, 2L)
Top of the 3rd over - 0 run(s), 1 hit(s), 0 error(s), 0 left on base; Richardson City 1 - Boston 0
BOTTOM OF THE 3RD
Boston Patriots batting - Pitching for Richardson City Thundercats : RHP Ryan Davis
Batting: RHB Tamasaburo Kato 0-0: Called Strike
0-1: Swinging Strike
0-2: Ball
1-2: SINGLE (Flyball, 9LS)
Batting: RHB Tommy Jones 0-0: Called Strike
0-1: Foul Ball, location: 2F
0-2: Foul Ball, location: 2F
0-2: Foul Ball, location: 2F
0-2: Ball
1-2: Ball
2-2: Foul Ball, location: 2F
2-2: SINGLE (Line Drive, 9S)
Tamasaburo Kato to second
Batting: RHB Karl Schultz 0-0: Ball
1-0: Foul Ball, location: 2F
1-1: Swinging Strike
1-2: Ball
2-2: Foul Ball, location: 2F
2-2: Foul Ball, location: 2F
2-2: Grounds into double play, U6-3 (Groundball, 6M)
Tamasaburo Kato to third
Batting: LHB Bill Chambers 0-0: Called Strike
0-1: Ball
1-1: Ball
2-1: Ball
3-1: Foul Ball, location: 2F
3-2: Strikes out swinging
Bottom of the 3rd over - 0 run(s), 2 hit(s), 0 error(s), 1 left on base; Richardson City 1 - Boston 0
TOP OF THE 4TH
Richardson City Thundercats batting - Pitching for Boston Patriots : RHP Sozen Raikatuji
Batting: RHB Juan Cabrera 0-0: Called Strike
0-1: Fly out, F2 (Popup, 23F)
Batting: LHB Terrence Eler 0-0: SINGLE (Groundball, 34D)
Batting: RHB Iván Pérez 0-0: Ball
1-0: Ball
2-0: Foul Ball, location: 2F
2-1: Called Strike
2-2: Fly out, F8 (Flyball, 8LM)
Batting: RHB Nate Cates 0-0: Foul Ball, location: 2F
0-1: Foul Ball, location: 2F
0-2: Foul Ball, location: 2F
0-2: Ground out U3 (Groundball, 3)
Top of the 4th over - 0 run(s), 1 hit(s), 0 error(s), 1 left on base; Richardson City 1 - Boston 0
BOTTOM OF THE 4TH
Boston Patriots batting - Pitching for Richardson City Thundercats : RHP Ryan Davis
Batting: RHB Wilfred McLaughlin 0-0: Called Strike
0-1: Foul Ball, location: 2F
0-2: Ball
1-2: Ground out 5-3 (Groundball, 56S)
Batting: LHB Chad Armstrong 0-0: Ball
1-0: SINGLE (Groundball, 34)
Batting: RHB Abílio Conceio 0-0: Ground out 5-3 (Groundball, 56S)
Chad Armstrong to second
Batting: RHB Enrique Pérez 0-0: Called Strike
0-1: 2-RUN HOME RUN (Line Drive, 78XD), Distance : 421 ft
Batting: RHB Bob Heller 0-0: Called Strike
0-1: Called Strike
0-2: Foul Ball, location: 2F
0-2: Strikes out looking
Bottom of the 4th over - 2 run(s), 2 hit(s), 0 error(s), 0 left on base; Richardson City 1 - Boston 2
TOP OF THE 5TH
Richardson City Thundercats batting - Pitching for Boston Patriots : RHP Sozen Raikatuji
Batting: RHB Steve Dunn 0-0: Swinging Strike
0-1: Called Strike
0-2: Ground out 4-3 (Groundball, 6MS)
Batting: RHB Yong-oon Yi 0-0: Called Strike
0-1: Ball
1-1: Fly out, F9 (Flyball, 9D)
Batting: SHB Eugene Parrish 0-0: Swinging Strike
0-1: Ball
1-1: Foul Ball, location: 2F
1-2: Strikes out swinging
Top of the 5th over - 0 run(s), 0 hit(s), 0 error(s), 0 left on base; Richardson City 1 - Boston 2
BOTTOM OF THE 5TH
Boston Patriots batting - Pitching for Richardson City Thundercats : RHP Ryan Davis
Batting: RHB Tamasaburo Kato 0-0: Fly out, F9 (Flyball, 89M)
Batting: RHB Tommy Jones 0-0: Ground out 5-3 (Groundball, 5)
Batting: RHB Karl Schultz 0-0: Ball
1-0: Ball
2-0: Foul Ball, location: 2F
2-1: Swinging Strike
2-2: Foul Ball, location: 2F
2-2: Foul Ball, location: 2F
2-2: Strikes out swinging
Bottom of the 5th over - 0 run(s), 0 hit(s), 0 error(s), 0 left on base; Richardson City 1 - Boston 2
TOP OF THE 6TH
Richardson City Thundercats batting - Pitching for Boston Patriots : RHP Sozen Raikatuji
Batting: RHB Joey Jones 0-0: Swinging Strike
0-1: Swinging Strike
0-2: Ball
1-2: Strikes out swinging
Batting: SHB Leonard O'Connor 0-0: Ball
1-0: Called Strike
1-1: Ball
2-1: Ball
3-1: Fly out, F6 (Popup, 6M)
Batting: RHB Juan Cabrera 0-0: Ball
1-0: Called Strike
1-1: Ball
2-1: Ground out 6-3 (Groundball, 6)
Top of the 6th over - 0 run(s), 0 hit(s), 0 error(s), 0 left on base; Richardson City 1 - Boston 2
BOTTOM OF THE 6TH
Boston Patriots batting - Pitching for Richardson City Thundercats : RHP Ryan Davis
Batting: LHB Bill Chambers 0-0: Called Strike
0-1: Ball
1-1: Ground out 1-3 (Groundball, 3S)
Batting: RHB Wilfred McLaughlin 0-0: Called Strike
0-1: Swinging Strike
0-2: Ball
1-2: Ground out 5-3 (Groundball, 5)
Batting: LHB Chad Armstrong 0-0: Foul Ball, location: 2F
0-1: Ball
1-1: Ball
2-1: Ground out 4-3 (Groundball, 4)
Bottom of the 6th over - 0 run(s), 0 hit(s), 0 error(s), 0 left on base; Richardson City 1 - Boston 2
TOP OF THE 7TH
Richardson City Thundercats batting - Pitching for Boston Patriots : RHP Sozen Raikatuji
Batting: LHB Terrence Eler 0-0: Foul Ball, location: 2F
0-1: Ground out U3 (Groundball, 3L)
Batting: RHB Iván Pérez 0-0: Ball
1-0: Swinging Strike
1-1: Ground out 6-3 (Groundball, 6)
Batting: RHB Nate Cates 0-0: Called Strike
0-1: Called Strike
0-2: Reached on Error, E9 (Flyball, 9D)
Pitching: RHP Roy Robinson
Batting: RHB Steve Dunn 0-0: Ball
1-0: Ground out 6-3 (Groundball, 6)
Top of the 7th over - 0 run(s), 0 hit(s), 1 error(s), 1 left on base; Richardson City 1 - Boston 2
BOTTOM OF THE 7TH
Boston Patriots batting - Pitching for Richardson City Thundercats : RHP Ryan Davis
Batting: RHB Abílio Conceio 0-0: Called Strike
0-1: Ball
1-1: Called Strike
1-2: Foul Ball, location: 2F
1-2: Ball
2-2: Ball
3-2: Strikes out swinging
Batting: RHB Enrique Pérez 0-0: Reached on error, E5 (Groundball, 5)
Batting: RHB Bob Heller 0-0: Ball
1-0: Foul Ball, location: 2F
1-1: Foul Ball, location: 2F
1-2: Ball
2-2: Foul Ball, location: 2F
2-2: Grounds into double play, 6-4-3 (Groundball, 6M)
Bottom of the 7th over - 0 run(s), 0 hit(s), 1 error(s), 0 left on base; Richardson City 1 - Boston 2
TOP OF THE 8TH
Richardson City Thundercats batting - Pitching for Boston Patriots : RHP Roy Robinson
Batting: RHB Yong-oon Yi 0-0: Called Strike
0-1: Called Strike
0-2: Strikes out swinging
Batting: SHB Eugene Parrish 0-0: Ball
1-0: DOUBLE (Line Drive, 3D)
Batting: RHB Joey Jones 0-0: Ball
1-0: Called Strike
1-1: Ground out 6-3 (Groundball, 6)
Batting: SHB Leonard O'Connor 0-0: Ball
Wild Pitch!
Eugene Parrish to third
1-0: Ball
2-0: Ball
3-0: Base on Balls
Batting: RHB Juan Cabrera 0-0: Swinging Strike
0-1: Ball
1-1: Fly out, F7 (Flyball, 7LM)
Top of the 8th over - 0 run(s), 1 hit(s), 0 error(s), 2 left on base; Richardson City 1 - Boston 2
BOTTOM OF THE 8TH
Boston Patriots batting - Pitching for Richardson City Thundercats : RHP Ryan Davis
Batting: RHB Tamasaburo Kato 0-0: Ball
1-0: Foul Ball, location: 2F
1-1: Swinging Strike
1-2: Foul Ball, location: 2F
1-2: Foul Ball, location: 2F
1-2: SINGLE (Line Drive, 34)
Batting: RHB Tommy Jones 0-0: Called Strike
0-1: Ball
1-1: Ball
2-1: Foul Ball, location: 2F
2-2: Ball
3-2: Ground out 4-3 (Groundball, 4)
Tamasaburo Kato to second
Batting: RHB Karl Schultz 0-0: Called Strike
0-1: Ball
1-1: Ball
2-1: Ground out 6-3 (Groundball, 6S)
Tamasaburo Kato to third
Pitching: RHP John Watson
Batting: LHB Bill Chambers 0-0: Ball
1-0: Swinging Strike
1-1: Fly out, F6 (Popup, 6D)
Bottom of the 8th over - 0 run(s), 1 hit(s), 0 error(s), 1 left on base; Richardson City 1 - Boston 2
TOP OF THE 9TH
Richardson City Thundercats batting - Pitching for Boston Patriots : RHP Roy Robinson
Pitching: LHP John Coleman
Batting: LHB Terrence Eler 0-0: Ball
1-0: Ball
2-0: Swinging Strike
2-1: Ground out 3-1 (Groundball, 34)
Batting: RHB Iván Pérez 0-0: Fly out, F9 (Flyball, 89D)
Batting: RHB Nate Cates 0-0: Foul Ball, location: 2F
0-1: Ground out 4-3 (Groundball, 34)
Top of the 9th over - 0 run(s), 0 hit(s), 0 error(s), 0 left on base; Richardson City 1 - Boston 2
This league is powered by Out of the Park Baseball, the baseball management simulation game for PC, Mac and Linux
Friday, January 22nd, 2016 - OOTP Baseball 16.9 Build 39